 Dungeon Sprint DCSS version 0.26-a0-682-g294304f6e8 (webtiles) character file.

Game seed: 12577803278118469474

116652596 olmar the Swordmaster (level 22, 175/279 HPs)
             Began as a Deep Dwarf Fighter on Oct 21, 2020.
             Was an Initiate of Gozag.
             Escaped with the Orb
             ... and 17 runes on Oct 22, 2020!
             The game lasted 00:57:19 (15641 turns).

olmar the Swordmaster (Deep Dwarf Fighter)         Turns: 15641, Time: 00:57:19

Health: 175/279    AC: 37    Str: 31    XL:     22   Next: 73%
Magic:  5/5        EV: 29    Int:  9    God:    Gozag
Gold:   11395      SH:  0    Dex: 20    Spells: 67/67 levels left

rFire    . . .     SeeInvis .   q - +11 plutonium sword {*Contam Stlth-}
rCold    + + .     Faith    .   (shield currently unavailable)
rNeg     + + .     Spirit   .   Q - +4 plate armour {rN+}
rPois    +         Reflect  .   e - +0 helmet of the Gloaming {rC+ MR+ rCorr Int-2}
rElec    +         Harm     .   a - +0 cloak {MR+}
rCorr    +         Rampage  +   s - +0 pair of gloves {Str+3}
MR       +++++     NoTele   +   f - +2 pair of boots {rampage}
Stlth    ++........             (no amulet)
HPRegen  0.00/turn              v - ring of Amelioration {*Drain +Blink rPois Dex+6 Slay+6}
MPRegen  0.09/turn              b - ring "Cikhlaosm" {rElec rC+ Dex+2 Stlth+}

@: gold aura, non-regenerating
A: damage resistance, heal wounds, negative energy resistance 1, sense
surroundings 3, poison resistance, robust 1, no regeneration
0: Orb of Zot
}: 17/17 runes: decaying, serpentine, barnacled, slimy, elven, silver, golden,
iron, obsidian, icy, bone, abyssal, glowing, magical, fiery, dark, gossamer
a: Heal Wounds, Potion Petition, Call Merchant, Bribe Branch, Renounce Religion,
Evoke Blink


You escaped.
You worshipped Gozag.
Gozag was extremely pleased with you.
You visited 1 branch You collected 56504 gold pieces.
You spent 11570 gold pieces at shops.
You paid 33539 gold pieces to Gozag.

Inventory:

Hand Weapons
 m - a +2 vorpal morningstar
 q - the +11 plutonium sword (weapon) {*Contam Stlth-}
   (You bought it in a shop in the Dungeon)

   It causes magical contamination when unequipped.
   It makes you less stealthy.
 D - the +6 sword of Cerebov {flame}
   (You took it off Cerebov in the Dungeon)

   It has been specially enchanted to burn those struck by it, causing extra
   injury to most foes and up to half again as much damage against particularly
   susceptible opponents.
   Big, fiery blades are also staple armaments of hydra-hunters.
 F - a +1 demon whip
 H - the +4 staff of Dispater
   (You took it off Dispater in the Dungeon)
 K - the +7 sceptre of Asmodeus
   (You took it off Asmodeus in the Dungeon)
Armour
 a - a +0 cloak of magic resistance (worn)
 e - the +0 helmet of the Gloaming (worn) {rC+ MR+ rCorr Int-2}
   (You bought it in a shop in the Dungeon)

   It affects your intelligence (-2).
   It protects you from cold.
   It affects your resistance to hostile enchantments.
   It provides partial protection from all sources of acid and corrosion.
 f - a +2 pair of boots of rampaging (worn)
 s - a +0 pair of gloves of strength (worn)
 Q - a +4 plate armour of positive energy (worn)
 S - a +3 tower shield of resistance
Jewellery
 b - the ring "Cikhlaosm" (right hand) {rElec rC+ Dex+2 Stlth+}
   (You found it in the Dungeon)

   [ring of protection from cold]

   It affects your dexterity (+2).
   It protects you from cold.
   It insulates you from electricity.
   It makes you more stealthy.
 c - the ring "Afuppug" {rElec rPois rC+ Dex+6}
   (You bought it in a shop in the Dungeon)

   [ring of protection from cold]

   It affects your dexterity (+6).
   It protects you from cold.
   It insulates you from electricity.
   It protects you from poison.
 o - the ring of Uqemonwa {rC++ rCorr}
   (You bought it in a shop in the Dungeon)

   [ring of resist corrosion]

   It greatly protects you from cold.
   It provides partial protection from all sources of acid and corrosion.
 p - the ring "Ecithadwah" {rPois EV+4 Dex+2}
   (You bought it in a shop in the Dungeon)

   [ring of evasion]

   It affects your evasion (+4).
   It affects your dexterity (+2).
   It protects you from poison.
 v - the ring of Amelioration (left hand) {*Drain +Blink rPois Dex+6 Slay+6}
   (You bought it in a shop in the Dungeon)

   [ring of dexterity]

   It affects your dexterity (+6).
   It affects your accuracy and damage with ranged weapons and melee attacks
   (+6).
   It protects you from poison.
   It lets you blink.
   It causes draining when unequipped.
 x - the amulet of Tulips {Spirit *Slow rElec rN+ Str+10}
   (You found it in the Dungeon)

   [amulet of guardian spirit]

   It causes incoming damage to be split between your health and magic.
   It affects your strength (+10).
   It insulates you from electricity.
   It protects you from negative energy.
   It may slow you when you take damage.
 G - the ring of Quckuhi {+Fly Str+2 Slay+3}
   (You found it in the Dungeon)

   [ring of slaying]

   It affects your strength (+2).
   It affects your accuracy and damage with ranged weapons and melee attacks
   (+3).
   It lets you fly.
 I - the ring "Humm" {Str+2 Dex+3}
   (You found it in the Dungeon)

   [ring of dexterity]

   It affects your strength (+2).
   It affects your dexterity (+3).
 J - an uncursed ring of see invisible
 O - the ring "Cuumir" {MR+ Str+3 Int-2 Dex+4}
   (You found it in the Dungeon)

   [ring of strength]

   It affects your strength (+3).
   It affects your intelligence (-2).
   It affects your dexterity (+4).
   It affects your resistance to hostile enchantments.
 P - the ring "Fomnacac" {Ice +Inv MR+}
   (You found it in the Dungeon)

   [ring of ice]

   It enhances your ice magic.
   It makes you vulnerable to fire.
   It protects you from cold.
   It affects your resistance to hostile enchantments.
   It lets you turn invisible.
Wands
 l - a wand of acid (4)
 A - a wand of iceblast (7)
 B - a wand of flame (16)
Scrolls
 d - 5 scrolls of identify
 i - 12 scrolls of remove curse
 k - 2 scrolls of amnesia
 y - 12 scrolls of enchant weapon
 E - 4 scrolls of enchant armour
 M - 3 scrolls of fear
Potions
 g - a potion of haste
 h - 9 potions of magic
 j - a potion of berserk rage
 n - a potion of lignification
 r - 2 potions of curing
 C - 4 potions of mutation
Miscellaneous
 t - the horn of Geryon
 u - a lightning rod (4/4)
 w - a condenser vane (2/2)
 z - a box of beasts (3/3)


   Skills:
 O Level 27 Fighting
 O Level 27 Long Blades
 O Level 27 Maces & Flails
 + Level 15.7(22.0) Staves
 + Level 25.1 Throwing
 O Level 27 Armour
 O Level 27 Dodging
 O Level 27 Stealth
 O Level 27 Shields
 + Level 25.0 Unarmed Combat
 + Level 23.3 Spellcasting
 O Level 27 Evocations


You had 67 spell levels left.
You didn't know any spells.
Your spell library contained the following spells:

 Spells                   Type           Power        Failure   Level
 Foxfire                  Conj/Fire      ##..         10%         1
 Summon Small Mammal      Summ           ##..         10%         1
 Call Imp                 Summ           ##......     14%         2
 Call Canine Familiar     Summ           ##......     28%         3
 Conjure Flame            Conj/Fire      ##......     28%         3
 Summon Guardian Golem    Hex/Summ       ##......     28%         3
 Summon Ice Beast         Ice/Summ       ##......     67%         4
 Summon Lightning Spire   Summ/Air       ##......     67%         4
 Irradiate                Conj/Tmut      ##........   95%         5
 Iskenderun's Battlesphe  Conj           ##......     95%         5
 Statue Form              Tmut/Erth      ##.......    100%        6


Dungeon Overview and Level Annotations

Branches:
Dungeon (1/1)

Altars:
Cheibriados
Dithmenos
Elyvilon
Fedhas
Gozag
Hepliaklqana
Kikubaaqudgha
Makhleb
Nemelex Xobeh
Okawaru
Qazlal
Ru
Sif Muna
Trog
Uskayaw
Vehumet
Wu Jian
Xom
Yredelemnul
Zin
The Shining One
Beogh
Jiyva
Lugonu

Shops:
D (}*(}(*(=[[=(=*((([!


Innate Abilities, Weirdness & Mutations

You are resistant to damage.
You can heal yourself by infusing magical energy.
You resist negative energy. (rN+)
You passively map a large area around you.
You do not regenerate.
Your system is resistant to poisons. (rPois)
You are robust. (+10% HP)


Message History

A Brimstone Fiend comes into view.
You rampage towards the Brimstone Fiend!
The Brimstone Fiend roars!
There is an open door, spattered with blood here.
You rampage towards the Brimstone Fiend!
You slice the Brimstone Fiend like a ripe choko!!!
The Brimstone Fiend is heavily wounded.
The Brimstone Fiend misses you.
The Brimstone Fiend hits you but does no damage.
The Brimstone Fiend completely misses you.
You open the Brimstone Fiend like a pillowcase!!!
The Brimstone Fiend is almost dead.
You slash the Brimstone Fiend!
You kill the Brimstone Fiend!
Your Unarmed Combat skill increases to level 25!
You now have 11395 gold pieces (gained 171).
There is an open door to the Dungeon, spattered with blood here.
You see here a +0 club.
There is a staircase leading out of the dungeon here.
You have escaped!

▓.▓.▓.▓.▓.▓.▓.▓2▓.
▓.▓.▓'▓.▓.▓.▓.▓.▓2
▓.▓.▓.▓.▓.▓.▓.▓.▓2
▓.▓.▓.▓.▓.▓.▓.▓.▓.
▓)▓.▓.▓$▓.▓.▓.▓.▓.
▓.▓.▓.▓.▓.▓.▓.▓$▓X
▓.▓.▓.▓.▓.▓.▓.▓.▓.
▓.▓.▓.▓.▓.▓.▓.▓.▓.
▓@▓...▓...▓...▓...
▓▓▓▓▓▓▓▓▓▓▓▓▓▓▓▓▓▓


There were no monsters in sight!

Vanquished Creatures
  Cerebov (D)
  Asmodeus (D)
  Antaeus (D)
  the Royal Jelly (D)
  Gloorx Vloq (D)
  Ereshkigal (D)
  Mnoleg (D)
  Dispater (D)
  Lom Lobon (D)
  3 ancient liches (D)
  5 orbs of fire (D)
  Mennas (D)
  4 greater mummies (D)
  Boris (D)
  A Killer Klown (D)
  Margery (D)
  Saint Roka (D)
  Geryon (D)
  5 golden dragons (D)
  2 bone dragons (D)
  A Tzitzimitl (D)
  4 electric golems (D)
  A Brimstone Fiend (D)
  4 tentacled monstrosities (D)
  Rupert (D)
  A lich (D)
  24 Orb Guardians (D)
  8 acid blobs (D)
  2 death cobs (D)
  2 deep elf master archers (D)
  3 deep elf blademasters (D)
  12 sphinxes (D)
  Frances (D)
  A tentacled starspawn (D)
  An Executioner (D)
  7 shadow dragons (D)
  4 storm dragons (D)
  A tengu reaver (D)
  Agnes (D)
  A thorn hunter (D)
  3 nagarajas (D)
  3 azure jellies (D)
  Ilsuiw (D)
  Donald (D)
  3 fire giants (D)
  2 draconian monks (D)
  A draconian knight (D)
  3 vault wardens (D)
  Louise (D)
  2 draconian scorchers (D)
  A frost giant (D)
  A ghost moth (D)
  5 emperor scorpions (D)
  2 draconian shifters (D)
  2 draconian annihilators (D)
  2 entropy weavers (D)
  5 stone giants (D)
  An ironheart preserver (D)
  A very ugly thing (D)
  2 green draconians (D)
  A deep elf annihilator (D)
  A dire elephant (D)
  3 lorocyprocas (D)
  6 vampire knights (D)
  2 red draconians (D)
  3 black draconians (D)
  2 purple draconians (D)
  2 yellow draconians (D)
  4 white draconians (D)
  A spark wasp (D)
  4 ettins (D)
  A merfolk javelineer (D)
  2 mummy priests (D)
  5 death oozes (D)
  3 fire dragons (D)
  Josephine (D)
  5 ogre magi (D)
  4 merfolk impalers (D)
  2 great orbs of eyes (D)
  3 yaktaur captains (D)
  3 deep elf high priests (D)
  2 naga warriors (D)
  2 rakshasas (D)
  7 hydras (D)
  A hell beast (D)
  4 ice dragons (D)
  A monstrous demonspawn (D)
  2 boulder beetles (D)
  20 vault guards (D)
  An anaconda (D)
  3 centaur warriors (D)
  A tengu warrior (D)
  5 merfolk aquamancers (D)
  A deep troll earth mage (D)
  2 death yaks (D)
  A deep troll shaman (D)
  A satyr (D)
  A vampire mage (D)
  2 sun demons (D)
  Sonja (D)
  3 soul eaters (D)
  6 hell knights (D)
  12 spriggans (D)
  A sea snake (D)
  2 gelid demonspawn (D)
  A naga ritualist (D)
  4 deep trolls (D)
  2 shadow demons (D)
  7 swamp dragons (D)
  An ironbrand convoker (D)
  A wizard (D)
  A deep elf archer (D)
  A necromancer (D)
  3 wolf spiders (D)
  3 orc knights (D)
  A deep elf mage (D)
  An orb spider (D)
  3 ugly things (D)
  A manticore (D)
  2 cyclopes (D)
  7 moths of wrath (D)
  5 black mambas (D)
  A toenail golem (D)
  2 naga magi (D)
  A vault sentinel (D)
  A water nymph (D)
  7 guardian serpents (D)
  Joseph (D)
  3 cane toads (D)
  A smoke demon (D)
  A rime drake (shapeshifter) (D)
  A rust devil (D)
  2 hellions (D)
  A freezing wraith (D)
  A rime drake (D)
  3 ice devils (D)
  A komodo dragon (D)
  4 demonic crawlers (D)
  2 yaktaurs (D)
  3 red devils (D)
  22 guardian mummies (D)
  3 merfolk (D)
  A wandering mushroom (D)
  2 jumping spiders (D)
  A polar bear (D)
  4 trolls (D)
  2 hornets (D)
  2 slime creatures (D)
  2 tyrant leeches (D)
  A blink frog (D)
  2 bog bodies (D)
  2 redbacks (D)
  4 wraiths (D)
  A tarantella (D)
  A wyvern (D)
  2 basilisks (D)
  2 golden eyes (D)
  A basilisk (shapeshifter) (D)
  A chaos spawn (D)
  2 large abominations (D)
  A naga (D)
  6 wargs (D)
  4 water moccasins (D)
  2 swamp drakes (D)
  13 orc warriors (D)
  2 ice beasts (D)
  An eye of draining (D)
  An ogre (D)
  2 necrophages (D)
  2 wolves (D)
  A bullfrog (D)
  A small abomination (D)
  A wight (D)
  A jelly (D)
  2 orc priests (D)
  5 orc wizards (D)
  A worker ant (D)
  2 adders (D)
  2 shadow imps (D)
  An ufetubus (D)
  An adder zombie (D)
  A dart slug (D)
  A leopard gecko (D)
  11 orcs (D)
  A bat skeleton (D)
  A bat zombie (D)
  A hobgoblin (D)
  A bat (D)
  2 frilled lizards (D)
  2 starspawn tentacles (D)
507 creatures vanquished.

Vanquished Creatures (collateral kills)
  An ancient lich (D)
  Mara (D)
  Frederick (D)
  A golden dragon (D)
  Xtahua (D)
  Jory (D)
  3 Orb Guardians (D)
  A quicksilver dragon (D)
  A lich (D)
  2 deep elf master archers (D)
  An acid blob (D)
  A thorn hunter (D)
  2 sphinxes (D)
  A tengu reaver (D)
  A storm dragon (D)
  A fire giant (D)
  A draconian annihilator (D)
  2 stone giants (D)
  A white draconian (D)
  4 vampire knights (D)
  A yellow draconian (D)
  A merfolk javelineer (D)
  2 death oozes (D)
  A fire dragon (D)
  2 deep elf death magi (D)
  An ice dragon (D)
  5 vault guards (D)
  A rakshasa (D)
  A death knight (D)
  A centaur warrior (D)
  A merfolk aquamancer (D)
  A satyr (D)
  A large abomination (D)
  An ironbrand convoker (D)
  2 orc knights (D)
  A harpy (shapeshifter) (D)
  A hellwing (D)
  A yaktaur (D)
  A ynoxinul (D)
  A chaos spawn (D)
  An insubstantial wisp (D)
  A quasit (D)
57 creatures vanquished.

Vanquished Creatures (others)
  An Orb Guardian (D)
  An Executioner (D)
  2 balrugs (D)
  A warmonger (D)
  2 blood saints (D)
  2 black suns (D)
  A blizzard demon (D)
  A green death (D)
  A merfolk aquamancer (D)
  A monstrous demonspawn (D)
  A death knight (D)
  A sun demon (D)
  A soul eater (D)
  A wretched star (D)
  4 infernal demonspawn (D)
  2 torturous demonspawn (D)
  2 gelid demonspawn (D)
  A smoke demon (D)
  An orange demon (D)
  An efreet (D)
  A yaktaur (shapeshifter) (D)
  2 hellions (D)
  An ice devil (D)
  4 hellwings (D)
  A demonic crawler (D)
  3 red devils (D)
  A large abomination (D)
  2 ynoxinuls (D)
  A naga (D)
  8 ball lightnings (D)
  2 starspawn tentacles (D)
54 creatures vanquished.

Grand Total: 618 creatures vanquished

Notes
Turn   | Place    | Note
-------+----------+-------------------------------------------
     0 | D        | olmar the Deep Dwarf Fighter began the quest for the Orb.
     0 | D        | Reached XP level 1. HP: 20/20 MP: 1/1
    18 | D        | Noticed an ice beast
    18 | D        | Noticed a worker ant
    34 | D        | Killed a worker ant
    34 | D        | Reached XP level 2. HP: 24/30 MP: 2/2
    34 | D        | Reached XP level 3. HP: 29/36 MP: 3/3
    56 | D        | Killed an ice beast
    56 | D        | Reached skill level 5 in Maces & Flails
    56 | D        | Reached skill level 1 in Dodging
    56 | D        | Reached skill level 5 in Shields
    56 | D        | Reached XP level 4. HP: 17/45 MP: 4/4
    59 | D        | Reached skill level 5 in Fighting
    59 | D        | Reached XP level 5. HP: 19/52 MP: 5/5
    66 | D        | Found a roughly hewn altar of Beogh.
    66 | D        | Found a snail-covered altar of Cheibriados.
    66 | D        | Found a shadowy altar of Dithmenos.
    66 | D        | Found a white marble altar of Elyvilon.
    66 | D        | Found a blossoming altar of Fedhas.
    66 | D        | Found an opulent altar of Gozag.
    67 | D        | Found a hazy altar of Hepliaklqana.
    68 | D        | Found a viscous altar of Jiyva.
    69 | D        | Found an ancient bone altar of Kikubaaqudgha.
    70 | D        | Found a corrupted altar of Lugonu.
    71 | D        | Found a burning altar of Makhleb.
    72 | D        | Found a sparkling altar of Nemelex Xobeh.
    73 | D        | Found an iron altar of Okawaru.
    74 | D        | Became a worshipper of Gozag Ym Sagoz the Greedy
    75 | D        | Found a stormy altar of Qazlal.
    76 | D        | Found a sacrificial altar of Ru.
    77 | D        | Found a shimmering blue altar of Sif Muna.
    78 | D        | Found a bloodstained altar of Trog.
    79 | D        | Found a hide-covered altar of Uskayaw.
    80 | D        | Found a radiant altar of Vehumet.
    81 | D        | Found an ornate altar of the Wu Jian Council.
    82 | D        | Found a shimmering altar of Xom.
    83 | D        | Found a basalt altar of Yredelemnul.
    84 | D        | Found a glowing silver altar of Zin.
    85 | D        | Found a glowing golden altar of the Shining One.
   140 | D        | Noticed a necrophage
   140 | D        | Noticed an ice beast
   151 | D        | Killed an ice beast
   158 | D        | Reached XP level 6. HP: 52/61 MP: 5/5
   182 | D        | Noticed an orc warrior
   182 | D        | Noticed a centaur warrior
   182 | D        | Noticed a troll
   182 | D        | Noticed a wyvern
   184 | D        | Noticed a yaktaur
   184 | D        | a troll changed into a yaktaur
   193 | D        | Killed a wyvern
   193 | D        | Reached XP level 7. HP: 43/69 MP: 6/6
   195 | D        | Killed a yaktaur
   205 | D        | Killed a centaur warrior
   205 | D        | Reached XP level 8. HP: 26/80 MP: 7/7
   313 | D        | Got the ring "Cikhlaosm" {rElec rC+ Dex+2 Stlth+}
   326 | D        | Noticed a four-headed hydra
   326 | D        | Noticed a black mamba
   326 | D        | Noticed a blink frog
   326 | D        | Noticed a cane toad
   335 | D        | Killed a blink frog
   338 | D        | Noticed a komodo dragon
   339 | D        | Reached skill level 5 in Dodging
   340 | D        | Killed a four-headed hydra
   340 | D        | Reached skill level 10 in Shields
   340 | D        | Reached skill level 1 in Evocations
   340 | D        | Gained mutation: You passively map the area around you.
                  | [Deep Dwarf growth]
   340 | D        | Reached XP level 9. HP: 39/88 MP: 8/8
   346 | D        | Killed a cane toad
   351 | D        | Killed a black mamba
   363 | D        | Killed a komodo dragon
   385 | D        | Noticed a cane toad
   385 | D        | Noticed a cane toad
   385 | D        | Noticed a five-headed hydra
   385 | D        | Noticed a rime drake
   386 | D        | Noticed a boulder beetle
   391 | D        | Killed a rime drake
   391 | D        | Reached skill level 5 in Stealth
   394 | D        | Reached XP level 10. HP: 66/98 MP: 8/8
   399 | D        | Killed a five-headed hydra
   403 | D        | Killed a cane toad
   413 | D        | Killed a cane toad
   416 | D        | Killed a boulder beetle
   470 | D        | Reached skill level 10 in Fighting
   479 | D        | Reached skill level 15 in Maces & Flails
   691 | D        | Noticed an orc knight
   691 | D        | Bought a lightning rod (4/4) for 720 gold pieces
   694 | D        | Reached XP level 11. HP: 62/109 MP: 8/8
   698 | D        | Killed an orc knight
   730 | D        | Bought the +4 morningstar of Infinite Pain {vorpal, Fragile
                  | rF+++ Int+3} for 961 gold pieces
   731 | D        | Found Edifism's Gadget Boutique.
   731 | D        | Noticed an ettin
   731 | D        | Noticed an ettin
   731 | D        | Noticed a deep troll
   731 | D        | Noticed a deep troll
   731 | D        | Noticed a stone giant
   741 | D        | Killed a deep troll
   742 | D        | Found Usastrot's Weapon Shop.
   750 | D        | Killed a deep troll
   750 | D        | Reached skill level 5 in Evocations
   752 | D        | Killed an ettin
   753 | D        | Killed an ettin
   754 | D        | Killed a stone giant
   757 | D        | Noticed a deep troll
   759 | D        | Found Uneoxzuxi's Assorted Antiques.
   764 | D        | Found Cyap's Gadget Shop.
   768 | D        | Bought a condenser vane (2/2) for 260 gold pieces
   768 | D        | Noticed an ettin
   774 | D        | Noticed an ogre mage
   775 | D        | Killed a deep troll
   775 | D        | Reached skill level 10 in Stealth
   777 | D        | Noticed a stone giant
   782 | D        | Bought a potion of curing for 75 gold pieces
   782 | D        | Bought a fuming yellow potion for 22 gold pieces
   782 | D        | Bought 2 scrolls labeled JAOZOF SEUNKEOKK for 50 gold
                  | pieces
   788 | D        | Killed an ogre mage
   791 | D        | Killed an ettin
   792 | D        | Killed a stone giant
   792 | D        | Reached XP level 12. HP: 56/121 MP: 9/9
  1001 | D        | Bought a box of beasts (3/3) for 260 gold pieces
  1031 | D        | Noticed Joseph
  1045 | D        | Killed Joseph
  1059 | D        | Noticed Sonja
  1075 | D        | Killed Sonja
  1149 | D        | Got the +3 plate armour of Pypnuad {rN++ Slay-3}
  1205 | D        | Noticed a death knight
  1205 | D        | Noticed a centaur warrior
  1210 | D        | Killed a centaur warrior
  1211 | D        | Reached skill level 10 in Evocations
  1219 | D        | Killed a death knight
  1232 | D        | Noticed an ogre mage
  1236 | D        | Noticed a tengu warrior
  1244 | D        | Killed an ogre mage
  1248 | D        | Killed a tengu warrior
  1288 | D        | Noticed an ice dragon
  1302 | D        | Noticed a rakshasa
  1311 | D        | Noticed an ettin
  1314 | D        | Killed an ice dragon
  1317 | D        | Killed an ettin
  1317 | D        | Reached skill level 15 in Shields
  1321 | D        | Noticed a fire giant
  1340 | D        | Killed a fire giant
  1350 | D        | Killed a rakshasa
  1500 | D        | Noticed Josephine
  1510 | D        | Killed Josephine
  1530 | D        | Noticed Donald
  1543 | D        | Killed Donald
  1598 | D        | Noticed a thorn hunter
  1604 | D        | Reached XP level 13. HP: 95/130 MP: 10/10
  1610 | D        | Noticed a thorn hunter
  1621 | D        | Killed a thorn hunter
  1621 | D        | Reached skill level 15 in Armour
  1633 | D        | Killed a thorn hunter
  1781 | D        | Noticed a nagaraja
  1788 | D        | Killed a nagaraja
  1788 | D        | Reached skill level 10 in Dodging
  1908 | D        | Bought the ring of Uqemonwa {rC++ rCorr} for 667 gold
                  | pieces
  1908 | D        | Bought the ring "Ecithadwah" {rPois EV+4 Dex+2} for 771
                  | gold pieces
  1916 | D        | Noticed an entropy weaver
  1916 | D        | Noticed an entropy weaver
  1922 | D        | Killed an entropy weaver
  1922 | D        | Reached skill level 15 in Evocations
  1938 | D        | Killed an entropy weaver
  2182 | D        | Noticed a merfolk javelineer
  2190 | D        | Killed a merfolk javelineer
  2342 | D        | Noticed a lich
  2342 | D        | Noticed a stone giant
  2342 | D        | Noticed a stone giant
  2347 | D        | Gained mutation: You resist negative energy. (rN+) [Deep
                  | Dwarf growth]
  2347 | D        | Reached XP level 14. HP: 97/145 MP: 11/11
  2349 | D        | Killed a stone giant
  2354 | D        | Killed a stone giant
  2359 | D        | Killed a lich
  2359 | D        | Reached skill level 15 in Fighting
  2376 | D        | Noticed a tengu reaver
  2390 | D        | Killed a tengu reaver
  2401 | D        | Noticed a stone giant
  2407 | D        | Killed a stone giant
  2429 | D        | Noticed a vampire knight
  2660 | D        | Killed a vampire knight
  2696 | D        | Noticed an ironheart preserver
  2707 | D        | Killed an ironheart preserver
  2709 | D        | Noticed a vault warden
  2722 | D        | Killed a vault warden
  2725 | D        | Noticed a vault warden
  2727 | D        | Noticed a fire giant
  2736 | D        | Noticed a stone giant
  2746 | D        | Killed a vault warden
  2750 | D        | Noticed a fire giant
  2755 | D        | Killed a fire giant
  2756 | D        | Killed a stone giant
  2768 | D        | Killed a fire giant
  2804 | D        | Bought a +0 cloak of magic resistance for 230 gold pieces
  2804 | D        | Bought a +2 pair of boots of rampaging for 430 gold pieces
  2837 | D        | Noticed Agnes
  2851 | D        | Killed Agnes
  2851 | D        | Reached XP level 15. HP: 153/158 MP: 10/10
  2881 | D        | Noticed Saint Roka
  2909 | D        | Killed Saint Roka
  3033 | D        | Noticed Margery
  3046 | D        | Killed Margery
  3242 | D        | Noticed Mennas
  3266 | D        | Killed Mennas
  3419 | D        | Noticed Xtahua
  3428 | D        | Killed Xtahua
  3619 | D        | Got a decaying rune of Zot
  3627 | D        | Bought the ring "Afuppug" {rElec rPois rC+ Dex+6} for 781
                  | gold pieces
  3629 | D        | Bought the +11 plutonium sword {*Contam Stlth-} for 3500
                  | gold pieces
  3629 | D        | Found the +11 plutonium sword {*Contam Stlth-}
  3631 | D        | Noticed a nagaraja
  3644 | D        | Noticed a nagaraja
  3647 | D        | Killed a nagaraja
  3656 | D        | Killed a nagaraja
  3718 | D        | Got a serpentine rune of Zot
  3728 | D        | Noticed Ilsuiw
  3754 | D        | Killed Ilsuiw
  3754 | D        | Reached XP level 16. HP: 122/174 MP: 11/11
  3783 | D        | Reached skill level 1 in Long Blades
  3918 | D        | Got a barnacled rune of Zot
  3938 | D        | Reached skill level 5 in Long Blades
  3989 | D        | Got a gossamer rune of Zot
  4114 | D        | Noticed Rupert
  4124 | D        | Noticed Jory
  4128 | D        | Killed Rupert
  4128 | D        | Reached skill level 10 in Long Blades
  4155 | D        | Killed Jory
  4174 | D        | Noticed Mara
  4189 | D        | Noticed olmar's illusion
  4194 | D        | Killed Mara
  4283 | D        | Reached skill level 15 in Long Blades
  4515 | D        | Noticed a golden dragon
  4530 | D        | Killed a golden dragon
  4543 | D        | Noticed a tengu reaver
  4545 | D        | Noticed a shadow dragon
  4552 | D        | Killed a tengu reaver
  4553 | D        | Noticed a shadow dragon
  4556 | D        | Killed a shadow dragon
  4556 | D        | Reached XP level 17. HP: 145/186 MP: 8/8
  4733 | D        | Noticed a golden dragon
  4739 | D        | Noticed an ancient lich
  4751 | D        | Noticed a tentacled monstrosity
  4752 | D        | Noticed a golden dragon
  4752 | D        | a shadow dragon changed into a golden dragon
  4756 | D        | Killed a golden dragon
  4769 | D        | Killed a golden dragon
  4785 | D        | Killed an ancient lich
  4795 | D        | Killed a tentacled monstrosity
  4819 | D        | Identified the Collected Works on Destructive Moulding
  4823 | D        | Got a silver rune of Zot
  4833 | D        | Bought the ring of Amelioration {*Drain +Blink rPois Dex+6
                  | Slay+6} for 1733 gold pieces
  4868 | D        | Noticed Frances
  4875 | D        | Killed Frances
  4923 | D        | Got the amulet of Tulips {Spirit *Slow rElec rN+ Str+10}
  4925 | D        | Got the ring of Quckuhi {+Fly Str+2 Slay+3}
  4927 | D        | Got the ring "Humm" {Str+2 Dex+3}
  4929 | D        | Got the ring "Cuumir" {MR+ Str+3 Int-2 Dex+4}
  4931 | D        | Got the ring "Fomnacac" {Ice +Inv MR+}
  5028 | D        | Bought a scroll of identify for 50 gold pieces
  5032 | D        | Noticed Louise
  5041 | D        | Killed Louise
  5045 | D        | Noticed Boris
  5053 | D        | Killed Boris
  5070 | D        | Noticed Frederick
  5085 | D        | Killed Frederick
  5380 | D        | Noticed a bone dragon
  5380 | D        | Noticed a bone dragon
  5392 | D        | Killed a bone dragon
  5407 | D        | Noticed a golden dragon
  5416 | D        | Killed a bone dragon
  5426 | D        | Gained mutation: You passively map a large area around you.
                  | [Deep Dwarf growth]
  5426 | D        | Reached XP level 18. HP: 73/200 MP: 8/8
  5426 | D        | Killed a golden dragon
  5426 | D        | Reached skill level 27 in Long Blades
  5568 | D        | Noticed a tentacled monstrosity
  5569 | D        | Noticed a tentacled monstrosity
  5575 | D        | Killed a tentacled monstrosity
  5593 | D        | Killed a tentacled monstrosity
  6017 | D        | Reached skill level 27 in Evocations
  6019 | D        | Noticed a golden dragon
  6041 | D        | Killed a golden dragon
  6180 | D        | Noticed a tentacled monstrosity
  6181 | D        | Noticed a golden dragon
  6185 | D        | Killed a tentacled monstrosity
  6202 | D        | Killed a golden dragon
  6419 | D        | Noticed an Orb Guardian
  6419 | D        | Noticed an Orb Guardian
  6419 | D        | Noticed an Orb Guardian
  6419 | D        | Noticed an Orb Guardian
  6419 | D        | Noticed an Orb Guardian
  6419 | D        | Noticed an Orb Guardian
  6421 | D        | Killed an Orb Guardian
  6422 | D        | Noticed an Orb Guardian
  6424 | D        | Killed an Orb Guardian
  6430 | D        | Killed an Orb Guardian
  6433 | D        | Killed an Orb Guardian
  6434 | D        | Killed an Orb Guardian
  6436 | D        | Noticed an Orb Guardian
  6437 | D        | Killed an Orb Guardian
  6437 | D        | Reached skill level 27 in Fighting
  6438 | D        | Noticed an Orb Guardian
  6445 | D        | Killed an Orb Guardian
  6447 | D        | Killed an Orb Guardian
  6447 | D        | Reached skill level 27 in Armour
  6453 | D        | Killed an Orb Guardian
  6453 | D        | Reached XP level 19. HP: 135/226 MP: 8/8
  6462 | D        | Reached skill level 15 in Dodging
  6640 | D        | Bought a steaming helmet for 304 gold pieces
  6640 | D        | Identified the +0 helmet of the Gloaming {rC+ MR+ rCorr
                  | Int-2} (You bought it in a shop in the Dungeon)
  6652 | D        | Noticed an ancient lich
  6656 | D        | Killed an ancient lich
  6660 | D        | Noticed an orb of fire
  6666 | D        | Killed an orb of fire
  6666 | D        | Reached skill level 15 in Stealth
  6673 | D        | Noticed an electric golem
  6674 | D        | Killed an electric golem
  6677 | D        | Noticed a Killer Klown
  6677 | D        | Noticed an orb of fire
  6677 | D        | Noticed an electric golem
  6677 | D        | Noticed an orb of fire
  6677 | D        | Noticed an electric golem
  6678 | D        | Noticed an electric golem
  6681 | D        | Noticed an orb of fire
  6686 | D        | Gained mutation: You are weak. (Str -2) [an orb of fire]
  6689 | D        | Killed an orb of fire
  6690 | D        | HP: 6/226 [orb of fire/fireball (37)]
  6692 | D        | Gained mutation: Your body sometimes deteriorates upon
                  | taking damage. [an orb of fire]
  6693 | D        | HP: 2/226 [orb of fire/fireball (23)]
  6701 | D        | Killed an electric golem
  6717 | D        | Noticed an orb of fire
  6722 | D        | Killed an orb of fire
  6734 | D        | Killed an orb of fire
  6746 | D        | Killed an orb of fire
  6753 | D        | Killed a Killer Klown
  6764 | D        | Killed an electric golem
  6778 | D        | Noticed an ancient lich
  6782 | D        | Killed an electric golem
  6782 | D        | Reached skill level 27 in Stealth
  6787 | D        | Killed an ancient lich
  6787 | D        | Reached skill level 27 in Dodging
  6787 | D        | Reached XP level 20. HP: 88/236 MP: 6/6
  6860 | D        | Reached skill level 5 in Throwing
  6860 | D        | Reached skill level 5 in Unarmed Combat
  6862 | D        | Reached skill level 5 in Spellcasting
  7024 | D        | Noticed an ancient lich
  7039 | D        | Killed an ancient lich
  7083 | D        | Reached skill level 10 in Throwing
  7083 | D        | Reached skill level 10 in Unarmed Combat
  7160 | D        | Reached skill level 10 in Spellcasting
  7255 | D        | Got an elven rune of Zot
  7388 | D        | Bought a potion of resistance for 140 gold pieces
  7388 | D        | Bought a potion of curing for 42 gold pieces
  7388 | D        | Bought a potion of curing for 42 gold pieces
  7388 | D        | Bought a potion of curing for 42 gold pieces
  7388 | D        | Bought a potion of stabbing for 56 gold pieces
  7388 | D        | Bought 3 potions of curing for 126 gold pieces
  7388 | D        | Bought a potion of stabbing for 56 gold pieces
  7388 | D        | Bought a potion of curing for 42 gold pieces
  7388 | D        | Bought a potion of might for 56 gold pieces
  7388 | D        | Bought a potion of curing for 42 gold pieces
  7388 | D        | Bought a potion of mutation for 112 gold pieces
  7392 | D        | Noticed the Royal Jelly
  7418 | D        | Killed the Royal Jelly
  7418 | D        | Reached skill level 27 in Shields
  7436 | D        | Reached skill level 27 in Maces & Flails
  7436 | D        | Reached XP level 21. HP: 140/242 MP: 8/21
  7448 | D        | Reached skill level 15 in Throwing
  7448 | D        | Reached skill level 15 in Unarmed Combat
  7530 | D        | Got a slimy rune of Zot
  7698 | D        | Reached skill level 15 in Spellcasting
  8127 | D        | Noticed a greater mummy
  8148 | D        | Killed a greater mummy
  8177 | D        | Noticed a greater mummy
  8177 | D        | Noticed a greater mummy
  8183 | D        | Noticed a greater mummy
  8193 | D        | Killed a greater mummy
  8204 | D        | Killed a greater mummy
  8221 | D        | Killed a greater mummy
  8545 | D        | Got a golden rune of Zot
  8623 | D        | Got an abyssal rune of Zot
  8763 | D        | Noticed Geryon
  8773 | D        | Killed Geryon
  8777 | D        | Identified the +4 staff of Dispater
  8777 | D        | Noticed Dispater
  8777 | D        | Noticed Ereshkigal
  8794 | D        | Noticed Lom Lobon
  8794 | D        | Noticed Antaeus
  9148 | D        | Killed Ereshkigal
  9390 | D        | Killed Lom Lobon
  9415 | D        | Killed Dispater
  9451 | D        | Killed Antaeus
  9451 | D        | Reached XP level 22. HP: 103/254 MP: 12/14
  9487 | D        | Identified the +6 sword of Cerebov {flame}
  9487 | D        | Noticed Cerebov
  9742 | D        | Killed Cerebov
  9742 | D        | Reached skill level 10 in Staves
 12870 | D        | Identified the +7 sceptre of Asmodeus
 12870 | D        | Noticed Asmodeus
 12899 | D        | Killed Asmodeus
 12949 | D        | Lost mutation: You are weak. (Str -2) [potion of mutation]
 12949 | D        | Lost mutation: Your body sometimes deteriorates upon taking
                  | damage. [potion of mutation]
 12949 | D        | Gained mutation: You are robust. (+10% HP) [potion of
                  | mutation]
 12949 | D        | Gained mutation: Your system is resistant to poisons.
                  | (rPois) [potion of mutation]
 13010 | D        | Got a bone rune of Zot
 13014 | D        | Got an iron rune of Zot
 13018 | D        | Got an icy rune of Zot
 13022 | D        | Got a magical rune of Zot
 13024 | D        | Noticed Mnoleg
 13025 | D        | Noticed Gloorx Vloq
 13030 | D        | Paralysed by a floating eye for 3 turns
 13036 | D        | Paralysed by a floating eye for 4 turns
 13495 | D        | Killed Gloorx Vloq
 13582 | D        | Killed Mnoleg
 13585 | D        | Got a fiery rune of Zot
 13589 | D        | Got an obsidian rune of Zot
 13593 | D        | Got a glowing rune of Zot
 13597 | D        | Got a dark rune of Zot
 14010 | D        | Got the Orb of Zot
 14806 | D        | Noticed Uvarez the pandemonium lord
 15429 | D        | Reached skill level 15 in Staves
 15641 | D        | Escaped with the Orb!

Illustrated notes

Levels and vault maps discovered:
D:        linesprint [early_d, line_temple, items_1, d_10, items_2, lair_1,
          lair_end, items_3, orc_1, orc_end, items_4, d_15, swamp_1, shoals_1,
          snake_1, spider_1, d_20, vaults_1, items_5, swamp_end, shoals_end,
          snake_end, spider_end, vaults_end, d_27, items_6, zot_1, zot_end,
          crypt_end, forest_end, elf_end, slime_end, tomb_end, abyss_end,
          pan_hell_end]

Skill      XL: |  1  2  3  4  5  6  7  8  9 10 11 12 13 14 15 16 17 18 19 20 21 22 |
---------------+-------------------------------------------------------------------+-----
Fighting       | 3 4 5 6 7 8 10 11 12 14 16 18 20 21 27 | 27.0
Maces & Flails | 3 5 7 9 11 12 13 15 17 18 19 21 22 23 27 | 27.0
Armour         | 4 6 8 9 11 12 13 14 16 18 19 21 22 27 | 27.0
Shields        | 4 5 6 7 9 10 11 12 14 15 17 19 23 27 | 27.0
Dodging        | 1 2 3 4 5 6 8 9 10 11 14 27 | 27.0
Stealth        | 2 4 5 8 10 11 12 13 27 | 27.0
Evocations     | 1 2 3 8 13 16 19 22 23 25 27 | 27.0
Long Blades    | 19 26 27 | 27.0
Throwing       | 14 22 25 | 25.1
Unarmed Combat | 14 22 25 | 25.0
Spellcasting   | 13 20 23 | 23.3
Staves         | 6 15 | 15.7

Action                   |  1- 3 |  4- 6 |  7- 9 | 10-12 | 13-15 | 16-18 | 19-21 | 22-24 || total
-------------------------+-------+-------+-------+-------+-------+-------+-------+-------++-------
Melee: Flail             |    43 |     3 |       |       |       |       |       |       ||    46
       Morningstar       |       |    39 |    48 |   188 |   260 |       |       |       ||   535
       Triple sword      |       |       |       |       |       |   336 |   402 |   166 ||   904
Invok: Call Merchant     |       |       |       |     3 |     6 |     5 |     2 |       ||    16
       Potion Petition   |       |       |       |       |       |       |     3 |     6 ||     9
       Bribe Branch      |       |       |       |       |       |       |     1 |       ||     1
 Abil: Heal Wounds       |       |     2 |     5 |     3 |    12 |    20 |    80 |    38 ||   160
Evoke: Wand              |       |       |     3 |     3 |     8 |       |       |       ||    14
       Lightning rod     |       |       |       |    17 |     4 |    19 |       |       ||    40
       Condenser vane    |       |       |       |     6 |    20 |    25 |    18 |       ||    69
       Box of beasts     |       |       |       |     7 |    24 |    33 |    22 |     8 ||    94
       Horn of Geryon    |       |       |       |       |       |       |     1 |     3 ||     4
  Use: Potion            |     3 |     1 |       |     8 |     4 |    17 |    13 |     7 ||    53
       Scroll            |       |       |       |       |       |       |     7 |     2 ||     9
 Stab: Invisible         |       |       |     2 |       |       |       |       |     1 ||     3
       Sleeping          |       |       |     1 |     1 |       |       |    14 |       ||    16
       Distracted        |       |       |       |     6 |     4 |     6 |    11 |     4 ||    31
Armor: Scale mail        |    24 |     9 |    14 |    30 |       |       |       |       ||    77
       Plate armour      |       |       |       |    28 |    88 |   231 |   105 |    63 ||   515
Dodge: Dodged            |     8 |    11 |    16 |    50 |    73 |   269 |   181 |   101 ||   709
Block: Kite shield       |    17 |    17 |    26 |    92 |   127 |       |       |       ||   279
       Tower shield      |       |       |       |       |    59 |       |       |       ||    59
       Rpst.: Triple sword |       |       |       |       |       |    29 |    34 |    16 ||    79

Table legend: (Time is in decaauts) A = Elapsed time spent in this place. B = Non-inter-level travel time spent in this place. C = Inter-level travel time spent in this place. D = Time resting spent in this place. E = Time spent auto-exploring this place. F = Levels seen in this place. G = Mean time per level. A B C D E F G +--------+--------+--------+--------+--------+-----+--------+ Total | 15245 | 11931 | 3314 | 4690 | 2442 | 1 | 15245.0 | Dungeon | 15245 | 11931 | 3314 | 4690 | 2442 | 1 | 15245.0 | +--------+--------+--------+--------+--------+-----+--------+

Top non-repeatable levels by time:
       D: 15245 daAuts
